AoeStats
← Der Sprudel

Arabia

508856749Analyzed
1v1 RM · 8d ago on Sep 24, 2026· 31m 27s· 2 players
Game mode
Random Map
Map size
Tiny (2 player)
Population
200
Speed
Normal
Resources
Standard
Victory
Conquest
Starting age
Dark Age
Ending age
Imperial Age
RankedLock teamsTeams togetherTeam positionsShared explorationLock speedFull tech treeHidden civsTurbo modeCheats
Victory
Defeat
🇩🇪 Malay · Germany
1238
+16
🇩🇪 Mapuche · Germany
1233
-16
TB_Steve-S
6:20 Loom
6:26 Loom
9:18 Feudal Age
9:34 Champi Runner
10:14 Double-Bit Axe
20:26 Castle Age
18:41 Fletching
20:35 Crossbowman
22:02 Bow Saw
21:33 Horse Collar
21:54 Bodkin Arrow
22:37 Gold Mining
23:45 Scale Mail Armor
24:48 Champi Warrior
Der Sprudel
3:18 Loom
9:48 Feudal Age
13:24 Double-Bit Axe
14:12 Horse Collar
15:04 Man-at-Arms
16:41 Arson
17:04 Loom
18:04 Fletching
18:51 Forging
19:08 Padded Archer Armor
21:42 Castle Age
21:02 Gold Mining
21:29 Bodkin Arrow
22:27 Bow Saw
22:45 Elite Skirmisher
22:49 Long Swordsman
23:30 Squires
26:49 Wheelbarrow
26:31 Leather Archer Armor
26:27 Forging
29:52 Hand Cart
Connection lost

Rejoining the realm…

Still unreachable

The connection could not be restored.

Session expired

The server has moved on; the page needs a fresh start.